 Dungeon Crawl Stone Soup version 0.28-a0-1382-g92835e5c71 (webtiles) character file.

Game seed: 7101184218541487600

7632 wakim the Grappler (level 10, -12/110 HPs)
             Began as a Troll Hunter on Jan 1, 2022.
             Was a Priest of Uskayaw.
             Mangled by a cane toad (13 damage)
             ... on level 8 of the Dungeon.
             The game lasted 00:55:01 (7299 turns).

wakim the Grappler (Troll Hunter)                   Turns: 7299, Time: 00:55:01

Health: -12/110    AC: 13    Str: 22    XL:     10   Next: 98%
Magic:  9/9        EV:  9    Int:  7    God:    Uskayaw [***...]
Gold:   475        SH:  0    Dex: 14    Spells: 9/9 levels left

rFire   . . .      SeeInvis .     - Unarmed
rCold   . . .      Faith    .   C - orb {mayhem}
rNeg    . . .      Spirit   .   B - +0 acid dragon scales
rPois   .          Reflect  .   (helmet restricted)
rElec   .          Harm     .   D - +0 cloak
rCorr   +          Rampage  .   (gloves unavailable)
Will    +....                   (boots unavailable)
Stlth   +.........              H - amulet of regeneration
HPRegen 1.88/turn               y - ring of willpower
MPRegen 0.11/turn               S - +4 ring of protection

@: lethally poisoned (-12 -> -17), studying Unarmed Combat
A: large, unfitting armour, claws 3, regeneration 1, shaggy fur 1, tough skin 1
a: Renounce Religion, Stomp, Line Pass


You were on level 8 of the Dungeon.
You worshipped Uskayaw.
Uskayaw was noncommittal.
You visited 3 branches of the dungeon, and saw 11 of its levels.
You also visited: Sewer and Volcano.

You collected 475 gold pieces.

Inventory:

Missiles
 c - 5 large rocks {=f}
 e - 43 poisoned darts
 s - 229 stones (quivered)
 A - 9 boomerangs of dispersal {=f!f}
 P - 3 throwing nets {=f!f}
 Q - 5 curare-tipped darts {=f}
Armour
 B - +0 acid dragon scales (worn)
 C - an orb of mayhem (worn)
 D - a +0 cloak (worn)
 O - the +1 robe of Samauk {Harm Will+ Slay+3}
   (You took it off a kobold on level 6 of the Dungeon)

   Slay:      It affects your accuracy & damage with ranged weapons and melee
   (+3).
   Harm:      It increases damage dealt and taken.
   Will:      It increases your willpower.
Jewellery
 g - a ring of protection from cold
 y - a ring of willpower (left claw)
 E - an amulet of the acrobat
 H - an amulet of regeneration (around neck)
 S - a +4 ring of protection (right claw)
Wands
 u - a wand of mindburst (6)
 v - a wand of flame (6)
 w - a wand of acid (15)
 x - a wand of iceblast (12)
Scrolls
 R - a scroll of magic mapping {unknown}
 W - a scroll of holy word
 Y - 2 scrolls of blinking {!r}
 Z - 2 scrolls of amnesia
Potions
 F - a potion of curing
 G - 3 potions of flight
 I - 2 potions of invisibility
 J - 2 potions of heal wounds
 K - 3 potions of magic
 L - a potion of lignification {!q}
 M - 2 potions of mutation {!q}
 N - a potion of might
 T - a potion of attraction {unknown}
 U - a potion of haste {unknown}
 V - 2 potions of resistance {unknown}
 X - 3 potions of degeneration {unknown}
Miscellaneous
 z - a box of beasts


   Skills:
 + Level 10.1 Fighting
 + Level 7.3 Throwing
 - Level 1.5 Dodging
 - Level 0.3 Stealth
 - Level 12.0 Unarmed Combat
 * Level 1.6 Evocations


You had 9 spell levels left.
You didn't know any spells.
Your spell library contained the following spells:

 Spells                   Type           Power      Damage    Failure   Level
 Scorch                   Fire           0%         2d5       65%         2
 Tukima's Dance           Hex            0%         N/A       87%         3
 Animate Dead             Necr           0%         N/A       99%         4
 Flame Wave               Conj/Fire      0%         2d4       99%         4
 Passage of Golubria      Tloc           0%         N/A       99%         4
 Yara's Violent Unravell  Hex/Tmut       0%         3d3       100%        5
 Conjure Ball Lightning   Conj/Air       0%         3x3d6     100%        6
 Summon Cactus Giant      Summ           0%         N/A       100%        6
 Haunt                    Necr/Summ      0%         N/A       100%        7
 Discord                  Hex            0%         N/A       100%        8
 Disjunction              Tloc           0%         N/A       100%        8
 Infestation              Necr           0%         N/A       100%        8
 Chain Lightning          Conj/Air       0%         N/A       100%        9
 Fire Storm               Conj/Fire      0%         5d1       100%        9
 Shatter                  Erth           0%         3d5*      100%        9


Dungeon Overview and Level Annotations

Branches:
Dungeon (9/15)             Temple (1/1) D:7            Lair (1/6) D:8
  Sewer (visited)         Volcano (visited)
    Orc: D:9-12

Altars:
Ashenzari
Cheibriados
Dithmenos
Elyvilon
Gozag
Hepliaklqana
Kikubaaqudgha
Makhleb
Nemelex Xobeh
Okawaru
Qazlal
Ru
Sif Muna
Trog
Uskayaw
Vehumet
Wu Jian
Xom
Yredelemnul
Zin
The Shining One

Shops:
D:1 :   D:8 (

Annotations:
D:6 2 runed translucent doors, Crownlay's ghost, novice GnIE


Innate Abilities, Weirdness & Mutations

You are too large for most types of armour.
You have claws for hands.
Your natural rate of healing is unusually fast.
You are covered in fur. (AC +1)
You have tough skin. (AC +1)


Message History

You scratch the cane toad.
The cane toad is moderately wounded.
The cane toad closely misses you.
You claw the cane toad!
The cane toad is almost dead.
The cane toad stings you!
* * * LOW HITPOINT WARNING * * *
You are poisoned.
The cane toad poisons you!
You can now pass through a line of other dancers.
You barely miss the cane toad.
The cane toad is almost dead.
You feel very sick. The cane toad stings you.
* * * LOW HITPOINT WARNING * * *
You are more poisoned.
The cane toad poisons you!
You mangle the cane toad!!
You kill the cane toad!
You feel very sick.
Uskayaw will force your foes to helplessly watch your dance.
Uskayaw prepares the audience for your solo!
The helpless cane toad fails to defend itself.
You mangle the cane toad!!
The cane toad is heavily wounded.
You feel very sick.
The cane toad is no longer paralysed.
The cane toad stings you!
* * * LOW HITPOINT WARNING * * *
You are more poisoned.
The cane toad poisons you!
You feel better. The cane toad stings you!
* * * LOW HITPOINT WARNING * * *
You are lethally poisoned!
The cane toad poisons you!
You mangle the cane toad!!
The cane toad is almost dead.
* * * LOW HITPOINT WARNING * * *
You feel very sick. The cane toad stings you!
You die...

....#.........# ###.#..#..##.....
....#.........# #.#..'..'....##
....#.........## #.#..#..###..##
....'....###...# #.#..######....
....####.# #...# #.#.#..#......#
##### #.# #...# #.###..#####..#
########'###...####.............#
..........##...#.........#####.##
..........##...#@#####...........
..........##...#F#####.#..####.##
..........#............##.## #.##
..........#....#.......##..# #.##
.........P.....#.......###.###.##
..............P........# #..##.##
##..#.P....P...........# ##.##.##
##.#...........P......####..#.##
#..P.P...P...........#.......##


You could see a cane toad.

Vanquished Creatures
  A hydra (Lair:1)
  Pikel (D:5)
  Maurice (D:8)
  Maggie (D:8)
  A cane toad (D:8)
  Psyche (D:8)
  A komodo dragon (D:8)
  Prince Ribbit (D:5)
  3 flying skulls (Volcano)
  6 yaks (D:6)
  Eustachio (D:4)
  Menkaure (D:7)
  2 water moccasins (D:7)
  An orc warrior (D:8)
  2 black bears
  A necrophage (D:5)
  A centaur (D:8)
  A lemure (D:4)
  2 ogres
  4 kobold brigands
  7 bullfrogs
  A gnoll sergeant (D:3)
  A wyvern skeleton (D:7)
  5 killer bees (D:8)
  A spriggan skeleton (Volcano)
  4 howler monkeys
  2 centaur zombies
  4 hounds
  A bullfrog zombie (D:4)
  A jelly (D:7)
  3 orc priests
  2 gnoll shamans
  2 bullfrog skeletons
  2 centaur skeletons
  Natasha (thrice) (D:2)
  2 iguanas (D:5)
  3 orc wizards
  A hound zombie (D:5)
  22 gnolls
  A howler monkey skeleton (D:6)
  12 adders
  7 river rats
  A white imp (D:7)
  An ufetubus (D:5)
  An adder zombie (D:5)
  5 worms
  12 orcs
  4 endoplasms
  A giant cockroach (D:2)
  7 goblins
  7 hobgoblins
  3 quokkas
  27 ball pythons
  9 bats
  3 frilled lizards
  16 kobolds
  33 rats
250 creatures vanquished.

Vanquished Creatures (collateral kills)
  An orc wizard (D:8)
  3 orcs (D:8)
  A kobold (D:8)
5 creatures vanquished.

Vanquished Creatures (others)
  A kobold brigand (D:8)
  A bullfrog (D:8)
  A howler monkey (D:8)
  An orc wizard (D:7)
  12 fungi
  11 plants
27 creatures vanquished.

Grand Total: 282 creatures vanquished

Notes
Turn   | Place    | Note
-------+----------+-------------------------------------------
     0 | D:1      | wakim the Troll Hunter began the quest for the Orb.
     0 | D:1      | Reached XP level 1. HP: 19/19 MP: 0/0
    98 | D:1      | Found Tuoc's Book Shop.
   232 | D:1      | Found a faded altar of an unknown god.
   286 | D:1      | Reached skill level 1 in Unarmed Combat
   515 | D:1      | Reached XP level 2. HP: 28/28 MP: 1/1
   610 | D:2      | Noticed Natasha
   624 | D:2      | Killed Natasha
   625 | D:2      | Reached skill level 2 in Unarmed Combat
   625 | D:2      | Reached XP level 3. HP: 26/35 MP: 2/2
   754 | D:2      | Found a broken altar of Ashenzari.
   762 | D:2      | Noticed Natasha
   774 | D:2      | Killed Natasha
   806 | D:2      | Reached XP level 4. HP: 36/44 MP: 3/3
   810 | D:2      | Reached skill level 3 in Unarmed Combat
  1016 | D:2      | Noticed Natasha
  1024 | D:2      | Killed Natasha
  1586 | D:3      | Found a broken altar of Ashenzari.
  1602 | D:3      | Noticed a gnoll sergeant
  1636 | D:3      | Killed a gnoll sergeant
  1637 | D:3      | Reached skill level 4 in Unarmed Combat
  1637 | D:3      | Reached XP level 5. HP: 53/53 MP: 4/4
  2067 | D:3      | Found an iron altar of Okawaru.
  2141 | D:3      | Found a glowing golden altar of the Shining One.
  2388 | D:4      | Noticed a black bear
  2413 | D:4      | Killed a black bear
  2414 | D:4      | Reached skill level 5 in Unarmed Combat
  2414 | D:4      | Reached XP level 6. HP: 61/61 MP: 5/5
  2634 | D:4      | Noticed Eustachio
  2732 | D:4      | Found a glowing drain.
  2752 | D:4      | Reached XP level 7. HP: 68/68 MP: 6/6
  2762 | Sewer    | Entered a sewer
  2823 | Sewer    | Reached skill level 6 in Unarmed Combat
  3157 | D:4      | Identified a scroll of acquirement
  3157 | D:4      | Acquired a manual of Unarmed Combat
  3215 | D:4      | Killed Eustachio
  3216 | D:4      | Reached skill level 7 in Unarmed Combat
  3487 | D:5      | Entered Level 5 of the Dungeon
  3495 | D:5      | Found a sacrificial altar of Ru.
  3538 | D:5      | Reached skill level 8 in Unarmed Combat
  3538 | D:5      | Reached XP level 8. HP: 77/79 MP: 7/7
  3556 | D:5      | Noticed Prince Ribbit
  3586 | D:5      | Killed Prince Ribbit
  3587 | D:5      | Reached skill level 5 in Fighting
  3587 | D:5      | Reached skill level 9 in Unarmed Combat
  3700 | D:5      | Noticed Pikel
  3906 | D:5      | Reached skill level 10 in Unarmed Combat
  4070 | D:5      | !wepdmg
  4070 | D:5      | !weapondmg
  4070 | D:5      | !dmgwep
  4071 | D:5      | !checkdmg
  4127 | D:5      | Killed Pikel
  4128 | D:5      | Reached skill level 11 in Unarmed Combat
  4128 | D:5      | Reached XP level 9. HP: 67/89 MP: 8/8
  4369 | D:6      | Reached skill level 12 in Unarmed Combat
  4809 | D:6      | Found a large runed translucent door.
  4810 | D:6      | Found a large runed translucent door.
  4812 | D:6      | Noticed Crownlay's ghost (novice GnIE)
  4843 | D:6      | Identified the +1 robe of Samauk {Harm Will+ Slay+3}
  5015 | D:7      | Found a radiant altar of Vehumet.
  5030 | D:7      | Found an opulent altar of Gozag.
  5030 | D:7      | Found a shadowy altar of Dithmenos.
  5049 | D:7      | Noticed Menkaure
  5056 | D:7      | Killed Menkaure
  5234 | D:7      | Identified the +3 falchion of Extremism {antimagic, Int+4}
  5293 | D:7      | Reached XP level 10. HP: 106/106 MP: 9/9
  5444 | D:7      | Found a staircase to the Ecumenical Temple.
  5453 | Temple   | Entered the Ecumenical Temple
  6055 | D:8      | Found Ruvuf's Antique Weapon Emporium.
  6133 | D:8      | Found an ornate altar of the Wu Jian Council.
  6189 | D:8      | Reached skill level 5 in Throwing
  6326 | D:8      | Noticed Psyche
  6331 | D:8      | Noticed Maggie
  6351 | D:8      | Killed Psyche
  6354 | D:8      | Killed Maggie
  6566 | D:8      | Noticed Maurice
  6583 | D:8      | Killed Maurice
  6825 | D:8      | Found a staircase to the Lair.
  6877 | D:9      | Found a hide-covered altar of Uskayaw.
  6891 | D:9      | Became a worshipper of Uskayaw the Reveller
  6917 | D:8      | Reached * piety under Uskayaw
  6981 | Lair:1   | Entered Level 1 of the Lair of Beasts
  7010 | Lair:1   | Found a dark tunnel.
  7014 | Lair:1   | Noticed a seven-headed hydra
  7019 | Lair:1   | Reached ** piety under Uskayaw
  7027 | Lair:1   | Reached *** piety under Uskayaw
  7031 | Lair:1   | Reached **** piety under Uskayaw
  7032 | Lair:1   | Killed a seven-headed hydra
  7033 | Lair:1   | Reached skill level 10 in Fighting
  7065 | Volcano  | Entered a volcano
  7152 | Volcano  | Reached skill level 1 in Evocations
  7201 | Volcano  | Noticed a skeletal warrior
  7211 | Volcano  | Noticed a gargoyle
  7213 | Volcano  | Noticed a gargoyle
  7250 | Volcano  | HP: 2/110 [harpy skeleton (6)]
  7257 | Lair:1   | Noticed a six-headed hydra
  7262 | Lair:1   | Noticed a cane toad
  7265 | Lair:1   | Noticed a cane toad
  7296 | D:8      | Killed a cane toad
  7298 | D:8      | HP: 4/110 [cane toad (13)]
  7299 | D:8      | HP: 1/110 [poisoned by a cane toad]
  7299 | D:8      | Mangled by a cane toad

Illustrated notes ##..#...........#.......###...... #...#..........###......# ###._.# ##.##.###...##......##### #...... #....####....##....## #...#.. #.##...#.....###...## .# #...#.. ..##...........#....##...Z'###### .##..##................#... ....####.(....##....#..#!. ....####......##@...#.... .....#..............# #.# ##.......†..........# .# .........#.#..##...... .........##....#....#..# ##.......#......##.....# ##.......##.#.........## ..........#.####.####.# ............# # Turn 4070 on D:5: !wepdmg

#....†...................#...#.†
##..#...........#.......###......
#...#..........###......# ###._.#
##.##.###...##......##### #......
#....####....##....## #...#..
#.##...#.....###...## .# #...#..
..##...........#....##...Z'######
.##..##................#...
....####.(....##@...#..#!.
....####......##....#....
.....#..............# #.#
##.......†..........# .#
.........#.#..##......
.........##....#....#..#
##.......#......##.....#
##.......##.#.........##
..........#.####.####.#


Turn 4071 on D:5: !checkdmg

Levels and vault maps discovered:
D:1:      psy_arrival_statuary, layout_loops_cross,
          nicolae_ecumenical_snake_handling, serial_shops,
          nicolae_shop_waterfront
D:2:      minmay_alternating_diamond, layout_basic, basic_altar, serial_forest,
          infiniplex_forest_lined_room_, infiniplex_forest_corner_2,
          infiniplex_forest_lined_3, infiniplex_forest_lined_2,
          infiniplex_forest_corner_1, infiniplex_forest_clump_cross,
          minmay_misc_feat_cross, uniq_natasha
D:3:      layout_loops_ring, lemuel_doored_altar,
          nicolae_tso_swordbearing_angel, evilmike_ruin_ashenzari,
          minmay_close_crescents
D:4:      layout_rooms, portal_sewer_entry_b, saegor_snake_ambush,
          uniq_eustachio
D:5:      layout_cave_pools, nicolae_ru_great_annihilating_truth,
          uniq_prince_ribbit1, uniq_pikel
D:6:      layout_rooms, ebering_ghost_disaster_area
D:7:      layout_cave_pods, chequers_temple_overflow_statue_of_worship,
          temple_hall, palyth_stone_intersect, uniq_menkaure
D:8:      layout_basic, mainiacjoe_overflow_paths,
          grunt_lair_entry_orc_guard_hut, serial_shops, shop,
          minmay_unpleasant_kobolds, uniq_maggie, uniq_psyche, uniq_maurice
D:9:      layout_roguey, nicolae_overflow_crystal_walls, tgw_fedhas
Temple:   nicolae_temple_x_marks_the_god
Lair:1:   layout_layer_cave, nicolae_volcano_entry_hallway

Skill      XL: |  1  2  3  4  5  6  7  8  9 10 |
---------------+-------------------------------+-----
Unarmed Combat | 1 2 4 5 8 11 12 | 12.0
Fighting       | 2 3 4 5 8 10 | 10.1
Throwing       | 4 7 |  7.3
Evocations     | 1 |  1.6
Dodging        | |  1.5
Stealth        | |  0.3

Action                   |  1- 3 |  4- 6 |  7- 9 | 10-12 || total
-------------------------+-------+-------+-------+-------++-------
Melee: Unarmed           |    67 |   138 |   293 |   129 ||   627
       Punch             |     1 |     2 |     9 |     3 ||    15
Throw: Stone             |    17 |    22 |    41 |     9 ||    89
       Dart              |       |    25 |    57 |    35 ||   117
       Boomerang         |       |       |       |     5 ||     5
Evoke: Wand              |       |       |       |     8 ||     8
  Use: Scroll            |       |     7 |     9 |       ||    16
       Potion            |       |       |     4 |     3 ||     7
 Stab: Sleeping          |     1 |     1 |       |       ||     2
       Paralysed         |       |       |     1 |     1 ||     2
       Invisible         |       |       |     1 |       ||     1
       Distracted        |       |       |       |     1 ||     1
Armor: Robe              |    14 |    35 |   130 |    19 ||   198
       Acid dragon scale |       |       |       |    74 ||    74
Dodge: Dodged            |    34 |    80 |   216 |   108 ||   438

Table legend: (Time is in decaauts)
 A = Elapsed time spent in this place.
 B = Non-inter-level travel time spent in this place.
 C = Inter-level travel time spent in this place.
 D = Time resting spent in this place.
 E = Time spent auto-exploring this place.
 F = Levels seen in this place.
 G = Mean time per level.
                   A        B        C        D        E       F      G
               +--------+--------+--------+--------+--------+-----+--------+
         Total |   7285 |   6810 |    475 |    124 |   1248 |  13 |  560.4 |
       Dungeon |   6495 |   6020 |    475 |     51 |   1205 |   9 |  721.7 |
        Temple |     68 |     68 |      0 |      0 |     30 |   1 |   68.0 |
          Lair |    106 |    106 |      0 |      0 |      0 |   1 |  106.0 |
         Sewer |    429 |    429 |      0 |     55 |     13 |   1 |  429.0 |
       Volcano |    184 |    184 |      0 |     18 |      0 |   1 |  184.0 |
               +--------+--------+--------+--------+--------+-----+--------+

Top non-repeatable levels by time:
     D:7: 1031 daAuts
     D:3: 977 daAuts
     D:8: 910 daAuts
     D:4: 805 daAuts
     D:5: 779 daAuts
     D:2: 773 daAuts
     D:1: 609 daAuts
     D:6: 574 daAuts
   Sewer: 429 daAuts
 Volcano: 184 daAuts
  Lair:1: 106 daAuts
  Temple: 68 daAuts
     D:9: 34 daAuts
